 Dungeon Crawl Stone Soup version 0.24-a0-614-geaf2f25 (webtiles) character file.

Game seed: 3331254010353838534, levelgen mode: deterministic

371 Dorkslayer the Slasher (level 6, -3/43 HPs)
             Began as an Octopode Fighter on Sept 12, 2019.
             Was a Follower of Dithmenos.
             Slain by an ogre
             ... wielding a +0 giant spiked club
              (21 damage)
             ... on level 4 of the Dungeon.
             The game lasted 00:16:27 (3721 turns).

Dorkslayer the Slasher (Octopode Fighter)           Turns: 3721, Time: 00:16:27

Health: -3/43      AC:  1    Str: 16    XL:     6   Next: 71%
Magic:  6/6        EV: 12    Int: 11    God:    Dithmenos [*.....]
Gold:   251        SH:  9    Dex: 12    Spells: 5/5 levels left

rFire    . . .     SeeInvis .   a - +0 long sword
rCold    . . .     Gourm    .   b - +0 shield
rNeg     . . .     Faith    .   (helmet restricted)
rPois    .         Spirit   .   (no amulet)
rElec    .         Reflect  .   (no ring)
rCorr    .         Harm     .   (no ring)
MR       .....                  (no ring)
Stlth    ++++......             (no ring)
HPRegen  0.14/turn              (no ring)
MPRegen  0.10/turn              (no ring)
                                (no ring)
                                (no ring)

@: lethally poisoned (-3 -> -3), wreathed by umbra
A: almost no armour, stealthy swim, amphibious, 8 rings, constrict 8, camouflage
1, gelatinous body 1
a: Renounce Religion


You were on level 4 of the Dungeon.
You worshipped Dithmenos.
Dithmenos was aware of your devotion.
You were not hungry.

You visited 1 branch of the dungeon, and saw 4 of its levels.

You collected 251 gold pieces.

Inventory:

Hand Weapons
 a - a +0 long sword (weapon)
Missiles
 f - 4 poisoned darts
 q - 2 boomerangs (quivered)
Armour
 b - a +0 shield (worn)
Scrolls
 j - 2 scrolls of magic mapping
 k - 4 scrolls of teleportation
 m - 2 scrolls of enchant armour
 t - a scroll of amnesia {unknown}
 u - a scroll of identify
 v - a scroll of remove curse {unknown}
Potions
 c - a potion of might
 e - 4 potions of flight
 h - 2 potions of lignification
 i - a potion of ambrosia {unknown}
 l - 2 potions of heal wounds
 n - a potion of brilliance {unknown}
 o - a potion of agility
 p - a potion of berserk rage {unknown}
 r - a potion of degeneration {unknown}
 s - 2 potions of resistance {unknown}
Comestibles
 d - 7 rations


   Skills:
 * Level 4.1 Fighting
 * Level 4.6 Long Blades
 + Level 1.4 Throwing
 + Level 3.6 Dodging
 + Level 2.6 Stealth
 + Level 3.7 Shields


You had 5 spell levels left.
You didn't know any spells.
Your spell library contained the following spells:

 Spells                   Type           Power        Failure   Level  Hunger
 Confusing Touch          Hex            #.....       83%         1    ##.....
 Confuse                  Hex            #.......     99%         3    ####...
 Gell's Gravitas          Tloc           #.........   99%         3    ####...
 Petrify                  Tmut/Erth      #.......     100%        4    #####..
 Metabolic Englaciation   Hex/Ice        #.........   100%        5    ######.
 Yara's Violent Unravell  Hex/Tmut       #.........   100%        5    ######.


Dungeon Overview and Level Annotations

Branches:
Dungeon (4/15)
 Temple: D:4-7

Altars:
Dithmenos
Hepliaklqana
Sif Muna
Xom
The Shining One


Innate Abilities, Weirdness & Mutations

You cannot wear most types of armour.
You are very stealthy in the water. (Stealth+)
You are amphibious.
You can wear up to eight rings at the same time.
You can use your tentacles to constrict eight enemies at once.
Your skin changes colour to match your surroundings (Stealth+).
Your rubbery body absorbs attacks. (AC +1, EV +1)


Message History

You constrict the adder.
You feel sick. The adder bites you. You block the adder's attack.
You hit the adder. Your squeeze misses the adder.
The adder is almost dead.
You constrict the adder.
You kill the adder!
Dithmenos accepts your kill.
You hit the ogre but do no damage. You squeeze the ogre, but do no damage.
The ogre hits you with a +0 giant spiked club!
You hit the ogre but do no damage.
You feel sick. You block the ogre's attack.
You hit the ogre.
The ogre is lightly wounded.
You hit the ogre. You squeeze the ogre.
The ogre is moderately wounded.
The ogre closely misses you.
You barely miss the ogre. Your squeeze misses the ogre.
The ogre is moderately wounded.
You feel sick.
The ogre hits you with a +0 giant spiked club!!
You die...

......##.###....
..........##..#.........
.............<#......... .
....................... ..
.....................# .>.
.....................# ....
.....#.....#........# .....
....##..... #.....###......
.......... ##.@O).$.$.....
.........### #...##.........
...........###...###...)....
....###...........###.......
##...##..##..##.............
###......#......##..........
##...##...##......#.........
).........#...##.##..#..$...
#............## ... ..


You could see an ogre.

Vanquished Creatures
  A hound (D:4)
  A bullfrog skeleton (D:2)
  2 worker ants
  8 gnolls
  9 adders
  2 oozes
  A worm (D:2)
  A dart slug (D:1)
  A leopard gecko (D:3)
  12 orcs
  4 giant cockroaches
  3 goblins
  6 hobgoblins
  8 jackals
  9 kobolds
  2 quokkas
  A ball python (D:4)
  11 bats
  3 frilled lizards
  5 rats
90 creatures vanquished.

Notes
Turn   | Place    | Note
-------+----------+-------------------------------------------
     0 | D:1      | Dorkslayer the Octopode Fighter began the quest for the
                  | Orb.
     0 | D:1      | Reached XP level 1. HP: 16/16 MP: 1/1
    73 | D:1      | Reached XP level 2. HP: 8/21 MP: 2/2
   527 | D:1      | Reached XP level 3. HP: 26/26 MP: 3/3
  1411 | D:2      | Reached skill level 1 in Stealth
  1426 | D:2      | Reached XP level 4. HP: 28/33 MP: 4/4
  1675 | D:2      | Found a shadowy altar of Dithmenos.
  1681 | D:2      | Became a worshipper of Dithmenos the Shadowed
  1962 | D:3      | Reached XP level 5. HP: 34/37 MP: 5/5
  2194 | D:3      | Found a glowing golden altar of the Shining One.
  2606 | D:3      | Found a shimmering altar of Xom.
  2900 | D:3      | Reached * piety under Dithmenos
  3134 | D:3      | Reached XP level 6. HP: 37/43 MP: 6/6
  3321 | D:4      | Reached skill level 1 in Throwing
  3663 | D:4      | Found a shimmering blue altar of Sif Muna.
  3663 | D:4      | Found a hazy altar of Hepliaklqana.
  3721 | D:4      | Slain by an ogre

Levels and vault maps discovered:
D:1:      onia_arrival_pyramid, layout_basic, minmay_misc_feat_rows,
          minmay_misc_feat_tower, minmay_tiny_reverse_x
D:2:      layout_loops_ring, grunt_dithmenos_smoke, minmay_statues_item
D:3:      layout_loops_corners, tso_oasis_becter, tgw_xom
D:4:      layout_cave_pools, gammafunk_temple_overflow_elements

Skill      XL: |  1  2  3  4  5  6 |
---------------+-------------------+-----
Stealth        | 1 2 |  2.6
Long Blades    | 3 4 |  4.6
Fighting       | 4 |  4.1
Throwing       | 1 |  1.4
Dodging        | |  3.6
Shields        | |  3.7

Action                   |  1- 3 |  4- 6 || total
-------------------------+-------+-------++-------
Melee: Long sword        |    61 |   112 ||   173
       Constrict         |    22 |    35 ||    57
       Tentacles         |    14 |    23 ||    37
Throw: Boomerang         |       |    49 ||    49
  Use: Scroll            |       |     7 ||     7
       Potion            |       |     4 ||     4
 Stab: Sleeping          |     5 |     5 ||    10
  Eat: Chunk             |     1 |     8 ||     9
Armor: Skin              |     8 |     6 ||    14
Dodge: Dodged            |    21 |    56 ||    77
Block: Shield            |    25 |    52 ||    77
       Rpst.: Long sword |     5 |    14 ||    19

Table legend:
 A = Non-vault XP
 B = Vault XP
 C = Vault XP percentage of total XP
 D = Non-vault monster count
 E = Vault monster count
 F = Vault count percentage of total count
                 A         B        C        D         E       F
            +---------+---------+-------+---------+---------+-------
      Total |     465 |      66 |  12.4 |      84 |       6 |   6.7
            +---------+---------+-------+---------+---------+-------
        D:1 |      36 |       8 |  18.2 |      20 |       2 |   9.1
        D:2 |     107 |       0 |   0.0 |      19 |       0 |   0.0
        D:3 |     147 |      58 |  28.3 |      30 |       4 |  11.8
        D:4 |     175 |       0 |   0.0 |      15 |       0 |   0.0
            +---------+---------+-------+---------+---------+-------
